 Dungeon Crawl Stone Soup version 0.21.1-1-g345015f (webtiles) character file.

104 Mgcat the Insei (level 4, -5/34 HPs)
             Began as a Gnoll Transmuter on Feb 7, 2018.
             Was an Initiate of the Shining One.
             Killed from afar by an orc wizard (10 damage)
             ... with a puff of flame
             ... on level 3 of the Dungeon.
             The game lasted 00:04:54 (2207 turns).

Mgcat the Insei (Gnoll Transmuter)                  Turns: 2207, Time: 00:04:55

Health: -5/34      AC:  4    Str: 13    XL:     4   Next: 80%
Magic:  11/11      EV: 15    Int: 21    God:    the Shining One [......]
Gold:   112        SH:  0    Dex: 15    Spells: 7/13 levels left

rFire    . . .     SeeInvis .   f - +0 whip
rCold    . . .     Gourm    .   (no shield)
rNeg     . . .     Faith    .   b - +0 robe
rPois    .         Spirit   .   (no helmet)
rElec    .         Reflect  .   (no cloak)
rCorr    .         Harm     .   l - +1 pair of gloves
MR       .....                  (no boots)
Stlth    +.........             m - amulet of rage {+Rage, !d}
HPRegen  0.11/turn              o - +5 ring of intelligence
MPRegen  0.12/turn              (no ring)

@: flying, hasted, glowing, very quick
A: distributed training, fangs 1, strong nose
a: Renounce Religion, Evoke Berserk Rage


You were on level 3 of the Dungeon.
You worshipped the Shining One.
The Shining One was noncommittal.
You were not hungry.

You visited 1 branch of the dungeon, and saw 3 of its levels.

You collected 112 gold pieces.

Inventory:

Hand Weapons
 f - a +0 whip (weapon)
   (You took it off a gnoll on level 1 of the Dungeon)
Missiles
 a - 24 arrows
Armour
 b - a +0 robe (worn)
 l - a +1 pair of gloves (worn)
   (You found it on level 2 of the Dungeon)
Jewellery
 m - an amulet of rage (around neck) {+Rage, !d}
   (You found it on level 2 of the Dungeon)
 o - a +5 ring of intelligence (left hand)
   (You found it on level 3 of the Dungeon)
Scrolls
 g - 3 scrolls of remove curse {unknown}
 j - 2 scrolls of enchant armour {unknown}
 k - 2 scrolls of teleportation {unknown}
 n - a scroll of noise {unknown}
 q - 2 scrolls of immolation {unknown}
 r - a scroll of fear {unknown}
 s - a scroll of blinking {unknown}
Potions
 p - 2 potions of brilliance {unknown}
Books
 c - a book of Changes
Comestibles
 d - 6 rations
 t - 7 chunks of flesh {@w0}


   Skills:
 + Level 2.8 Fighting
 + Level 1.2 Short Blades
 + Level 1.2 Long Blades
 + Level 1.2 Axes
 + Level 1.2 Maces & Flails
 + Level 1.2 Polearms
 + Level 1.2 Staves
 + Level 1.2 Slings
 + Level 1.2 Bows
 + Level 1.2 Crossbows
 + Level 1.2 Throwing
 + Level 1.2 Armour
 + Level 4.7 Dodging
 + Level 1.2 Stealth
 + Level 1.2 Shields
 + Level 6.6 Unarmed Combat
 + Level 5.1 Spellcasting
 + Level 1.0 Conjurations
 + Level 1.0 Hexes
 + Level 1.0 Charms
 + Level 1.0 Summonings
 + Level 1.0 Necromancy
 + Level 1.0 Translocations
 + Level 3.9 Transmutations
 + Level 1.0 Fire Magic
 + Level 1.0 Ice Magic
 + Level 1.0 Air Magic
 + Level 1.0 Earth Magic
 + Level 1.0 Poison Magic
 + Level 1.3 Invocations
 + Level 1.2 Evocations


You had 7 spell levels left.
You knew the following spells:

 Your Spells              Type           Power        Failure   Level  Hunger
a - Beastly Appendage     Tmut           ###...       2%          1    None
b - Sticks to Snakes      Tmut           ###.....     3%          2    None
c - Spider Form           Tmut/Pois      ###.......   12%         3    ##.....


Dungeon Overview and Level Annotations

Branches:
Dungeon (3/15)

Altars:
The Shining One


Innate Abilities, Weirdness & Mutations

Your experience applies equally to all skills.
You have very sharp teeth.
Your uncanny sense of smell can sniff out nearby items.


Message History

The hobgoblin is heavily wounded.
The hobgoblin hits you with a club.
You hit the hobgoblin.
You kill the hobgoblin!
Key pressed, stopping explore.
You start resting.
HP restored.
t - a chunk of flesh {@w0}
Things that are here:
a club; a hobgoblin corpse You butcher the hobgoblin corpse.
t - 4 chunks of flesh {@w0} (gained 3)
Things that are here:
a club; a hobgoblin skeleton
Things that are here:
a club; a hobgoblin skeleton You butcher the orc corpse.
t - 7 chunks of flesh {@w0} (gained 3)
You see here a trident. x2
An orc comes into view. It is wielding a battleaxe.
There is a stone staircase leading down here.
An orc is nearby!
The orc shouts!
The orc wizard shouts!
The orc wizard points at you and mumbles some strange words.
You are confused.
You bump into the rock wall.
An orc comes into view. It is wielding a hand axe.
You bump into the rock wall.
You bump into the rock wall.
You bump into the rock wall.
You feel less confused.
The orc wizard gestures wildly while chanting.
The orc wizard flickers and vanishes!
Deactivating autopickup; reactivate with Ctrl-A.
You see here a trident.
Things that are here:
a club; a hobgoblin skeleton The orc barely misses you.
You barely miss the orc. The orc hits you with a battleaxe!
You closely miss the orc. You hit the orc.
The orc is lightly wounded.
You hit something. You barely miss something. You bite something.
Something hits you but does no damage.
You closely miss something. Something hits you.
You hit something. Something hits you but does no damage.
You hit something. You bite something. Something hits you but does no damage.
You hit something. Your punch misses something. Something hits you.
It was a potion of flight.
You feel very buoyant.
You fly up into the air.
Something hits you.
It was a potion of magic.
Magic courses through your body. Something hits you but does no damage.
It was a potion of haste.
You feel yourself speed up. Something hits you.
You hit something. Something barely misses you.
You closely miss something. You hit the orc. Your bite misses the orc.
The orc is severely wounded.
You hit the orc. You bite the orc, but do no damage.
The orc is almost dead.
The orc hits you with a hand axe.
* * * LOW HITPOINT WARNING * * *
You barely miss the orc. Your bite misses the orc.
The orc is almost dead.
You closely miss the orc.
The orc is almost dead.
The orc misses you.
You hit the orc.
You kill the orc!
The orc closely misses you. Something hits you but does no damage.
Items here: )) [ ÷ † a hand axe; a glowing ring mail; a club; an orc corpse; a hobgoblin skeleton You hit the orc.
The orc is moderately wounded.
Something barely misses you.
You hit the orc.
You kill the orc!
Something hits you.
* * * LOW HITPOINT WARNING * * *
Items here: )) [ † a battleaxe; a leather armour; a trident; an orc corpse You completely miss something.
Something barely misses you.
You miss something. You miss something. Something hits you but does no damage.
You closely miss something. Something hits you but does no damage.
You hit something but do no damage. You closely miss something.
Something barely misses you.
You hit something. Your bite misses something.
Something hits you but does no damage.
You barely miss something. You miss something.
Something hits you but does no damage.
You miss something. Something hits you but does no damage.
You miss something. You bite something. You hit something.
You hear some strange, mumbled words.
A puff of flame appears from out of thin air!
The puff of flame hits you!
You die...

.. ....#####
.......>#####
..........@{#
.##########)#
#.# #.# #.#
#.# #.# #.#
#.#


There were no monsters in sight!

Vanquished Creatures
  A gnoll (D:1)
  2 adders
  An ooze (D:1)
  An adder zombie (D:2)
  A worm (D:2)
  4 dart slugs
  3 orcs (D:3)
  A bat (D:1)
  4 giant cockroaches
  6 goblins
  6 hobgoblins
  8 jackals
  A quokka (D:2)
  A ball python (D:1)
  A frilled lizard (D:1)
  6 kobolds
  6 rats
53 creatures vanquished.

Vanquished Creatures (collateral kills)
  A jackal (D:1)
1 creature vanquished.

Grand Total: 54 creatures vanquished

Notes
Turn   | Place    | Note
-------+----------+-------------------------------------------
     0 | D:1      | Mgcat the Gnoll Transmuter began the quest for the Orb.
     0 | D:1      | Reached XP level 1. HP: 17/17 MP: 6/6
    18 | D:1      | Reached XP level 2. HP: 9/23 MP: 7/7
   199 | D:1      | Learned a level 2 spell: Sticks to Snakes
   413 | D:1      | Reached XP level 3. HP: 11/28 MP: 6/9
   632 | D:1      | Reached skill level 5 in Spellcasting
   726 | D:1      | Reached skill level 1 in Invocations
  1117 | D:1      | Reached skill level 1 in Short Blades
  1117 | D:1      | Reached skill level 1 in Long Blades
  1117 | D:1      | Reached skill level 1 in Axes
  1117 | D:1      | Reached skill level 1 in Maces & Flails
  1117 | D:1      | Reached skill level 1 in Polearms
  1117 | D:1      | Reached skill level 1 in Staves
  1117 | D:1      | Reached skill level 1 in Slings
  1117 | D:1      | Reached skill level 1 in Bows
  1117 | D:1      | Reached skill level 1 in Crossbows
  1117 | D:1      | Reached skill level 1 in Throwing
  1117 | D:1      | Reached skill level 1 in Armour
  1117 | D:1      | Reached skill level 1 in Stealth
  1117 | D:1      | Reached skill level 1 in Shields
  1117 | D:1      | Reached skill level 1 in Evocations
  1124 | D:1      | Learned a level 3 spell: Spider Form
  1187 | D:2      | Found a glowing golden altar of the Shining One.
  1202 | D:2      | Became a worshipper of the Shining One
  1259 | D:2      | Reached XP level 4. HP: 34/34 MP: 11/11
  1966 | D:3      | Reached skill level 1 in Conjurations
  1966 | D:3      | Reached skill level 1 in Hexes
  1966 | D:3      | Reached skill level 1 in Charms
  1966 | D:3      | Reached skill level 1 in Summonings
  1966 | D:3      | Reached skill level 1 in Necromancy
  1966 | D:3      | Reached skill level 1 in Translocations
  1966 | D:3      | Reached skill level 1 in Fire Magic
  1966 | D:3      | Reached skill level 1 in Ice Magic
  1966 | D:3      | Reached skill level 1 in Air Magic
  1966 | D:3      | Reached skill level 1 in Earth Magic
  1966 | D:3      | Reached skill level 1 in Poison Magic
  2188 | D:3      | HP: 7/34 [orc/hand axe (5)]
  2195 | D:3      | HP: 4/34 [something (3)]
  2207 | D:3      | Killed from afar by an orc wizard

Skill      XL: |  1  2  3  4 |
---------------+-------------+-----
Spellcasting   | 5 |  5.1
Invocations    | 1 |  1.3
Short Blades   | 1 |  1.2
Long Blades    | 1 |  1.2
Axes           | 1 |  1.2
Maces & Flails | 1 |  1.2
Polearms       | 1 |  1.2
Staves         | 1 |  1.2
Slings         | 1 |  1.2
Bows           | 1 |  1.2
Crossbows      | 1 |  1.2
Throwing       | 1 |  1.2
Armour         | 1 |  1.2
Stealth        | 1 |  1.2
Shields        | 1 |  1.2
Evocations     | 1 |  1.2
Conjurations   | 1 |  1.0
Hexes          | 1 |  1.0
Charms         | 1 |  1.0
Summonings     | 1 |  1.0
Necromancy     | 1 |  1.0
Translocations | 1 |  1.0
Fire Magic     | 1 |  1.0
Ice Magic      | 1 |  1.0
Air Magic      | 1 |  1.0
Earth Magic    | 1 |  1.0
Poison Magic   | 1 |  1.0
Fighting       | |  2.8
Dodging        | |  4.7
Unarmed Combat | |  6.6
Transmutations | |  3.9

Action                   |  1- 3 |  4- 6 || total
-------------------------+-------+-------++-------
Melee: Unarmed           |     7 |       ||     7
       Bite              |    11 |    12 ||    23
       Whip              |   123 |   104 ||   227
       Headbutt          |     4 |       ||     4
       Punch             |     2 |     4 ||     6
       Kick              |     5 |       ||     5
 Cast: Sticks to Snakes  |     2 |       ||     2
       Beastly Appendage |     3 |       ||     3
  Use: Potion            |       |     3 ||     3
 Stab: Sleeping          |     6 |       ||     6
  Eat: Chunk             |     1 |     3 ||     4
Armor: Robe              |    14 |    16 ||    30
Dodge: Dodged            |   101 |    59 ||   160

Vault maps used:
D:1:      onia_arrival_mini_maze_b, grunt_decor_arrowhead, minmay_misc_feat_iff
D:2:      old_standard_altar, minmay_hexomino_f4
D:3:      minmay_divided_ellipse

Table legend:
 A = Turns spent in this place as a percentage of turns spent in the entire game.
 B = Non-inter-level travel turns spent in this place as a percentage of non-inter-level travel turns spent in the entire game.
 C = Inter-level travel turns spent in this place as a percentage of turns spent in this place.
 D = Turns resting spent in this place as a percentage of non-inter-level travel turns spent in this place.
 E = Turns spent auto-exploring this place as a percentage of non-inter-level travel turns spent in this place.
 F = Non-inter-level travel turns spent in this place divided by the number of levels of this place that you've seen.
                   A       B       C       D       E      F
               +-------+-------+-------+-------+-------+----------------------
         Total | 100.0 | 100.0 |   2.6 |   3.7 |  73.6 | 716.7
       Dungeon | 100.0 | 100.0 |   2.6 |   3.7 |  73.6 | 716.7
               +-------+-------+-------+-------+-------+----------------------

Table legend:
 A = Kills in this place as a percentage of kills in entire the game.
 B = Kills by you in this place as a percentage of kills by you in the entire game.
 C = Kills by friends in this place as a percentage of kills by friends in the entire game.
 D = Other kills in this place as a percentage of other kills in the entire game.
 E = Experience gained in this place as a percentage of experience gained in the entire game.
 F = Experience gained in this place divided by the number of levels of this place that you have seen.
                   A       B       C       D       E      F
               +-------+-------+-------+-------+-------+----------------------
         Total | 100.0 | 100.0 | 100.0 |   N/A | 100.0 |  49.7
       Dungeon | 100.0 | 100.0 | 100.0 |   N/A | 100.0 |  49.7
               +-------+-------+-------+-------+-------+----------------------
